 Dungeon Crawl Stone Soup version 0.17.0-24-gcfadda4 (console) character file.

312 gw the Ducker (level 6, -1/32 HPs)
             Began as a Spriggan Hunter on Nov 17, 2015.
             Slain by an orc priest
             ... wielding a +0 flail
              (3 damage)
             ... on level 3 of the Dungeon.
             The game lasted 00:04:57 (2807 turns).

gw the Ducker (Spriggan Hunter)                     Turns: 2807, Time: 00:04:57

Health: -1/32      AC:  4    Str:  8    XL:     6   Next: 18%
Magic:  7/7        EV: 21    Int: 13    God:
Gold:   70         SH:  4    Dex: 18    Spells: 0 memorised, 5 levels left

rFire  . . .     SeeInvis +     c - +1 short sword
rCold  + . .     Clarity  .     l - +2 robe {rC+}
rNeg   . . .     SustAt   .     n - -2 buckler (curse)
rPois  +         Gourm    .     (helmet restricted)
rElec  .         Spirit   .     (no cloak)
rCorr  .         Warding  .     (gloves unavailable)
rMut   .         Stasis   .     (boots unavailable)
MR     +....                    (no amulet)
Stlth  ++........               (no ring)
                                g - ring of poison resistance

@: very quick, somewhat resistant to hostile enchantments, unstealthy
A: unfitting armour, see invisible, herbivore 3, speed 3, slow metabolism 2
a: no special abilities


You were on level 3 of the Dungeon.
You were not hungry.

You visited 1 branch of the dungeon, and saw 3 of its levels.

You collected 70 gold pieces.

Inventory:

Hand Weapons
 a - a +0 hunting sling
 c - a +1 short sword (weapon)
Missiles
 b - 2 throwing nets
 d - 82 stones
 f - 7 tomahawks of returning
 o - 9 tomahawks (quivered)
Armour
 l - a +2 robe of cold resistance (worn)
 n - a cursed -2 buckler (worn)
Jewellery
 g - a ring of poison resistance (left hand)
Wands
 m - a wand of random effects (32)
Scrolls
 k - a scroll of remove curse {unknown}
 p - a scroll of identify
Potions
 i - 2 potions of agility
 j - a potion of cancellation {unknown}
Comestibles
 e - 5 bread rations
 h - a slice of pizza


   Skills:
 + Level 3.2 Fighting
 + Level 3.5 Short Blades
 * Level 0.2(2.9) Slings
 - Level 4.0 Throwing
 + Level 5.9 Dodging
 - Level 1.5 Stealth
 + Level 0.5 Shields


You had 5 spell levels left.
You didn't know any spells.

Dungeon Overview and Level Annotations

Branches:
Dungeon (3/15)

Altars:

Annotations:
D:3 Ijyb, Jessica


Innate Abilities, Weirdness & Mutations

You are tiny and cannot use many weapons and most armour.
You have supernaturally acute eyesight.
You are a herbivore.
You cover ground extremely quickly.
You need consume almost no food.


Message History

You hit the orc.
The orc is moderately wounded.
You block the orc's attack.
ATTACK MOVE TO (1,-1)
You hit the orc but do no damage.
The orc is moderately wounded.
The orc priest hits you with a flail! The orc hits you with a mace.
The orc misses you.
ATTACK MOVE TO (1,-1)
You hit the orc but do no damage.
The orc is moderately wounded.
The orc priest completely misses you. The orc completely misses you.
The orc completely misses you.
Jessica the Apprentice Sorceress comes into view.
She is wielding a club.
ATTACK MOVE TO (1,-1) Jessica shouts!
You hit the orc but do no damage.
The orc is moderately wounded.
The orc priest hits you with a flail.
You die...

.[...(......##.....
....###....###.#
.............#..##
...###...!.......
.......... ...#.#
...........#....##
....#......#.#...####
.#..###..........o..#...
##..## ####(...io...#.
##...####.%.(....o......
...#......##.......>....
############........##..
# ....!###.## . #
#####... .# # #####g. #
..@ . ##


You could see Ijyb (confused), an orc priest, Jessica and 2 orcs.

Table legend:
 A = Turns spent in this place as a percentage of turns spent in the entire game.
 B = Non-inter-level travel turns spent in this place as a percentage of non-inter-level travel turns spent in the entire game.
 C = Inter-level travel turns spent in this place as a percentage of turns spent in this place.
 D = Turns resting spent in this place as a percentage of non-inter-level travel turns spent in this place.
 E = Turns spent auto-exploring this place as a percentage of non-inter-level travel turns spent in this place.
 F = Non-inter-level travel turns spent in this place divided by the number of levels of this place that you've seen.
                   A       B       C       D       E      F
               +-------+-------+-------+-------+-------+----------------------
         Total | 100.0 | 100.0 |   0.1 |   1.1 |   2.1 | 1241.3
       Dungeon | 100.0 | 100.0 |   0.1 |   1.1 |   2.1 | 1241.3
               +-------+-------+-------+-------+-------+----------------------

Table legend:
 A = Kills in this place as a percentage of kills in entire the game.
 B = Kills by you in this place as a percentage of kills by you in the entire game.
 C = Kills by friends in this place as a percentage of kills by friends in the entire game.
 D = Other kills in this place as a percentage of other kills in the entire game.
 E = Experience gained in this place as a percentage of experience gained in the entire game.
 F = Experience gained in this place divided by the number of levels of this place that you have seen.
                   A       B       C       D       E      F
               +-------+-------+-------+-------+-------+----------------------
         Total | 100.0 | 100.0 |  -nan |  -nan | 100.0 | 149.0
       Dungeon | 100.0 | 100.0 |  -nan |  -nan | 100.0 | 149.0
               +-------+-------+-------+-------+-------+----------------------

Vanquished Creatures
  Sigmund (D:2)
  A giant frog (D:3)
  Robin (D:3)
  An adder (D:2)
  An ooze (D:1)
  2 worms (D:2)
  A giant gecko (D:2)
  2 orcs (D:3)
  7 bats
  5 giant cockroaches
  11 goblins
  4 hobgoblins
  5 kobolds
  2 giant newts
  3 quokkas
  6 rats
53 creatures vanquished.

Notes
Turn   | Place    | Note
--------------------------------------------------------------
     0 | D:1      | gw the Spriggan Hunter began the quest for the Orb.
     0 | D:1      | Reached XP level 1. HP: 10/10 MP: 2/2
   211 | D:1      | Reached XP level 2. HP: 10/15 MP: 3/3
   523 | D:1      | Reached skill level 1 in Short Blades
  1095 | D:2      | Reached XP level 3. HP: 1/18 MP: 4/4
  1773 | D:2      | Noticed Sigmund
  1791 | D:2      | Killed Sigmund
  1791 | D:2      | Reached skill level 5 in Dodging
  1791 | D:2      | Reached XP level 4. HP: 4/24 MP: 5/5
  1791 | D:2      | Reached XP level 5. HP: 4/28 MP: 6/6
  2454 | D:3      | Reached XP level 6. HP: 32/32 MP: 7/7
  2466 | D:3      | Noticed Robin
  2504 | D:3      | Killed Robin
  2790 | D:3      | Noticed Ijyb
  2807 | D:3      | Noticed Jessica
  2807 | D:3      | Slain by an orc priest

Action                   |  1- 3 |  4- 6 || total
-------------------------+-------+-------++-------
Melee: Short sword       |   119 |    66 ||   185
 Fire: Hunting sling     |       |     3 ||     3
Throw: Tomahawk          |     9 |    18 ||    27
Evoke: Wand              |       |     1 ||     1
  Use: Scroll            |     3 |     2 ||     5
       Potion            |     1 |     1 ||     2
 Stab: Sleeping          |     4 |     1 ||     5
       Distracted        |     1 |       ||     1

Vault maps used:
D:1:      mainiacjoe_arrival_reflecting_pool, corexii_item_surrounded_by_moat
D:2:      first_bread, uniq_sigmund
D:3:      uniq_iyjb, uniq_robin, uniq_jessica, uniq_terence
